Map: Prion Terraces

Players

MorN - Winner!

  • Race: Terran Terran
  • League: Diamond

etaprès

  • Race: Zerg Zerg
  • League: Platinum

VOD

Have the link to the VOD?

Description

Time

  • Played on: Nov. 13, 2015, 10:14 p.m.
  • Length: 8:51
Show
View Real Time Build Order
Export as new Build Order

MorN Terran - Winner!

Build Orders: Liberator Opening, MMM Bio 

Get SALT Encoding   

  12  0:01  SCV  
  13  0:13  SCV  
  14  0:18  Supply Depot  
  14  0:25  SCV  
  15  0:39  SCV  
  15  0:40  Barracks  
  16  0:51  SCV  
  16  0:56  Refinery  
  17  1:03  SCV  
  18  1:16  SCV  
  19  1:28  Orbital Command  
  20  1:40  Reaper  
  20  1:43  Command Center  
  20  1:50  Refinery  
  20  1:54  Supply Depot  
  20  1:56  SCV  
  21  2:08  SCV  
  21  2:12  Barracks Reactor  
  22  2:22  SCV  
  23  2:28  Factory  
  23  2:34  SCV  
  24  2:46  SCV  
  25  2:54  Marine x2  
  25  2:56  Orbital Command  
  27  3:06  SCV  
  28  3:15  Starport  
  28  3:19  Hellion  
  32  3:20  Hellion  
  32  3:29  Barracks Tech Lab  
  32  3:35  Liberator  
  32  3:41  Hellion x2  
  36  3:46  Armory  
  36  3:49  SCV  
  40  3:56  Stimpack, Marine  
  40  4:02  Hellion x2  
  45  4:10  Supply Depot  
  45  4:11  SCV  
  45  4:14  Bunker  
  46  4:17  Supply Depot  
  46  4:32  Marine  
  46  4:35  Orbital Command  
  47  4:45  Barracks  
  47  5:01  SCV  
  47  5:02  Hellion x2  
  47  5:05  SCV  
  47  5:06  Command Center  
  53  5:13  SCV  
  54  5:31  Supply Depot x3  
  54  5:37  Barracks  
  54  5:41  Factory Reactor  
  54  5:48  Starport Reactor  
  54  5:52  SCV x2, Marine x2  
  54  5:53  Supply Depot  
  54  5:54  Terran Vehicle Weapons Level 1  
  54  5:56  Engineering Bay  
  58  5:57  Engineering Bay  
  58  6:04  SCV x2  
  58  6:11  Marine x3  
  58  6:13  Combat Shields  
  58  6:16  SCV x2  
  63  6:20  Barracks  
  63  6:22  Barracks  
  63  6:29  Terran Infantry Weapons Level 1, SCV x2, Terran Infantry Armor Level 1, Marine  
  63  6:30  SCV  
  63  6:32  Factory Reactor  
  67  6:41  SCV x2  
  67  6:43  Orbital Command  
  67  6:45  Marine x4  
  67  6:46  Supply Depot  
  74  6:54  SCV x2  
  74  6:56  Refinery x2  
  74  6:58  Supply Depot  
  74  7:00  Marine  
  76  7:03  Marine  
  76  7:04  Marine, Medivac x2  
  82  7:13  SCV x2  
  84  7:19  Marine x2  
  84  7:20  Supply Depot  
  84  7:21  Barracks Reactor x2  
  86  7:24  Supply Depot  
  86  7:26  Orbital Command  
  86  7:27  SCV x2  
  88  7:30  Supply Depot  
  88  7:31  Marine x2  
  88  7:33  Marine  
  88  7:34  Medivac  
  93  7:37  Marine  
  94  7:46  Marine  
  94  7:49  Marine x2, Medivac  
  94  7:51  SCV x2, Marine  
  102  7:53  SCV  
  102  7:58  Marine x5  
  103  8:03  SCV x2  
  110  8:07  Supply Depot  
  110  8:09  Marine x3  
  110  8:10  SCV  
  110  8:12  Supply Depot  
  115  8:16  SCV x2, Marine  
  118  8:22  SCV, Marine x2  
  118  8:25  Marine  
  121  8:28  SCV  
  121  8:31  Missile Turret  
Show
View Real Time Build Order
Export as new Build Order

etaprès Zerg 

Build Orders: Pool First 

Get SALT Encoding   

  12  0:01  Drone  
  13  0:10  Drone  
  14  0:20  Drone, Extractor  
  14  0:36  Spawning Pool  
  13  1:02  Hatchery  
  12  1:08  Drone  
  13  1:12  Drone  
  14  1:22  Overlord  
  14  1:32  Metabolic Boost  
  14  1:46  Drone x2  
  16  1:49  Zergling x2  
  17  2:01  Drone  
  17  2:06  Queen  
  20  2:18  Zergling x4  
  22  2:26  Queen  
  24  2:51  Zergling x8  
  27  3:04  Baneling Nest  
  26  3:15  Zergling x2  
  26  3:16  Zergling x2  
  28  3:21  Overlord  
  28  3:48  Zergling x4  
  29  3:49  Zergling x12  
  29  3:51  Baneling  
  29  3:52  Baneling  
  36  4:07  Baneling  
  36  4:08  Baneling x3  
  36  4:17  Baneling  
  33  4:45  Zergling x2  
  33  4:46  Zergling x4  
  34  5:00  Drone  
  35  5:11  Lair  
  35  5:12  Overlord x3  
  35  5:13  Spine Crawler  
  34  5:18  Drone  
  35  5:39  Drone  
  35  5:40  Drone x8  
  44  5:55  Overlord x2  
  44  5:56  Zergling x2  
  45  5:57  Zergling x2  
  44  6:13  Drone x6  
  50  6:19  Drone  
  50  6:20  Extractor  
  50  6:21  Hydralisk Den  
  50  6:22  Queen  
  41  6:42  Spore Crawler  
  35  6:49  Hydralisk  
  35  6:50  Hydralisk x2  
  39  7:05  Drone  
  40  7:12  Queen  
  42  7:20  Drone x5  
  47  7:41  Drone  
  47  7:42  Drone x5  
  53  7:53  Baneling  
  53  8:03  Extractor  
  52  8:06  Zergling x2  
  52  8:07  Zergling x8  
  57  8:22  Extractor  
  57  8:23  Hydralisk  
  57  8:24  Hydralisk x2  
  62  8:28  Baneling  
  62  8:32  Overlord x2  
Tags
 
Add a new tag
Caveats
  • Supply blocks, unpowered buildings, or Contaminate may cause inaccurate times.
  • Supply counts are checked every 10 seconds.